 Dungeon Crawl Stone Soup version 0.27-a0-1290-g15d3ce7508 (webtiles) character file.

Game seed: 5199798720961654555

160799 Ijustatesigmund the Unseen (level 17, -2/99 HPs)
             Began as a Spriggan Brigand on June 15, 2021.
             Was the Champion of Okawaru.
             Killed from afar by a bog body (31 damage)
             ... with a bolt of cold
             ... on level 1 of the Swamp.
             The game lasted 02:02:23 (36882 turns).

Ijustatesigmund the Unseen (Spriggan Brigand)      Turns: 36882, Time: 02:02:24

Health: -2/99      AC: 16    Str:  8    XL:     17   Next: 18%
Magic:  28/28      EV: 32    Int: 16    God:    Okawaru [******]
Gold:   740        SH: 17    Dex: 27    Spells: 15/16 levels left

rFire    . . .     SeeInvis +   a - +6 dagger (elec)
rCold    . . .     Faith    .   t - +3 buckler {rPois}
rNeg     . . .     Spirit   .   b - +2 troll leather armour
rPois    +         Reflect  +   T - +2 hat
rElec    .         Harm     .   c - +2 cloak {Stlth+}
rCorr    .         Rampage  .   (gloves unavailable)
Will     ++...                  (boots unavailable)
Stlth    ++++++++..             W - amulet of reflection
HPRegen  1.26/turn              M - ring of Ycodd {Int+2 Dex+6 Slay+2}
MPRegen  0.21/turn              D - +4 ring of protection

@: studying Fighting, very quick
A: very small, no large weapons, unfitting armour, see invisible, speed 3
a: Renounce Religion, Heroism, Finesse


You were on level 1 of the Swamp.
You worshipped Okawaru.
Okawaru was exalted by your worship.
You visited 7 branches of the dungeon, and saw 29 of its levels.
You also visited: Ice Cave.

You collected 2773 gold pieces.
You spent 2033 gold pieces at shops.

Inventory:

Hand Weapons
 a - a +6 dagger of electrocution (weapon)
 C - a +3 scimitar of flaming
 F - a +5 short sword
Missiles
 d - 34 poisoned darts (quivered)
 w - a curare-tipped dart
 J - 66 boomerangs
 S - 2 throwing nets
Armour
 b - a +2 troll leather armour (worn)
 c - a +2 cloak of stealth (worn)
 t - a +3 buckler of poison resistance (worn)
 x - +2 gold dragon scales
 H - +0 fire dragon scales
 T - a +2 hat (worn)
Jewellery
 u - a ring of resist corrosion
 y - the macabre finger necklace {rN+}
   (You found it on level 7 of the Dungeon)

   [amulet of nothing]

   It enables you to equip an extra ring.
   It protects you from negative energy.
 A - a ring of ice
 D - a +4 ring of protection (right hand)
 G - a ring of willpower
 I - a ring of protection from fire
 M - the ring of Ycodd (left hand) {Int+2 Dex+6 Slay+2}
   (You found it on level 6 of the Lair of Beasts)

   [ring of dexterity]

   It affects your intelligence (+2).
   It affects your dexterity (+6).
   It affects your accuracy and damage with ranged weapons and melee attacks
   (+2).
 P - a ring of positive energy
 W - an amulet of reflection (around neck)
Wands
 z - a wand of flame (49)
 K - a wand of polymorph (17)
 U - a wand of digging (2)
 Y - a wand of paralysis (1)
 Z - a wand of iceblast (11)
Scrolls
 j - 3 scrolls of silence
 l - 3 scrolls of fear
 m - 7 scrolls of fog
 n - 4 scrolls of magic mapping
 o - 4 scrolls of teleportation
 v - 4 scrolls of enchant weapon
 L - 9 scrolls of identify
 O - 2 scrolls of immolation
 R - 4 scrolls of amnesia
 V - a scroll of torment
 X - 2 scrolls of holy word
Potions
 e - 4 potions of cancellation
 f - 9 potions of curing
 g - 8 potions of lignification
 h - 3 potions of flight
 i - 4 potions of mutation
 k - 9 potions of heal wounds
 p - 6 potions of attraction
 q - 5 potions of haste
 r - 5 potions of brilliance
 s - 6 potions of might
 B - 3 potions of magic
 N - 5 potions of ambrosia
Miscellaneous
 E - a phantom mirror


   Skills:
 + Level 15.1 Fighting
 - Level 14.2 Short Blades
 - Level 5.5 Throwing
 - Level 4.5 Armour
 - Level 14.2 Dodging
 - Level 15.5 Stealth
 - Level 4.7 Shields
 - Level 3.6 Necromancy
 - Level 13.7 Invocations
 - Level 7.4 Evocations


You had 15 spell levels left.
You knew the following spells:

 Your Spells              Type           Power      Damage    Failure   Level
a - Pain                  Necr           44%        1d6       10%         1

Your spell library contained the following spells:

 Spells                   Type           Power      Damage    Failure   Level
 Animate Skeleton         Necr           22%        N/A       10%         1
 Vampiric Draining        Necr           5%         2d6       28%         3
 Beastly Appendage        Tmut           0%         N/A       38%         1
 Corona                   Hex            0%         N/A       38%         1
 Freeze                   Ice            0%         1d3       38%         1
 Ensorcelled Hibernation  Hex/Ice        0%         N/A       54%         2
 Wereblood                Tmut           0%         N/A       54%         2
 Animate Dead             Necr           5%         N/A       67%         4
 Confusing Touch          Hex            0%         N/A       77%         3
 Dazzling Flash           Conj/Hex       0%         N/A       77%         3
 Frozen Ramparts          Ice            0%         1d2       77%         3
 Ozocubu's Armour         Ice            0%         N/A       77%         3
 Spider Form              Tmut/Pois      0%         N/A       77%         3
 Tukima's Dance           Hex            0%         N/A       77%         3
 Agony                    Necr           11%        N/A       95%         5
 Animate Armour           Summ/Erth      0%         N/A       99%         4
 Hailstorm                Conj/Ice       0%         3d3       99%         4
 Ice Form                 Ice/Tmut       0%         N/A       99%         4
 Leda's Liquefaction      Hex/Erth       0%         N/A       99%         4
 Summon Lightning Spire   Summ/Air       0%         N/A       99%         4
 Borgnjor's Vile Clutch   Necr/Erth      2%         N/A       99%         5
 Bolt of Magma            Conj/Fire/Erth 0%         4d4       100%        5
 Metabolic Englaciation   Hex/Ice        0%         N/A       100%        5
 Silence                  Hex/Air        0%         N/A       100%        5
 Conjure Ball Lightning   Conj/Air       0%         3x3d6     100%        6
 Death Channel            Necr           5%         N/A       100%        6
 Iron Shot                Conj/Erth      0%         9d1       100%        6
 Simulacrum               Ice/Necr       2%         N/A       100%        6
 Statue Form              Tmut/Erth      0%         N/A       100%        6
 Storm Form               Tmut/Air       0%         N/A       100%        7
 Shatter                  Erth           0%         3d5*      100%        9


Dungeon Overview and Level Annotations

Branches:
Dungeon (15/15)            Temple (1/1) D:6            Lair (6/6) D:11
  Swamp (2/4) Lair:3       Spider (1/4) Lair:2        Slime (0/5) Lair:5
    Orc (2/2) D:12            Elf (0/3) Orc:2        Vaults (0/5) D:13
 Depths (2/5) D:15          IceCv (visited)

Altars:
Ashenzari
Cheibriados
Dithmenos
Elyvilon
Fedhas
Gozag
Hepliaklqana
Kikubaaqudgha
Makhleb
Nemelex Xobeh
Okawaru
Qazlal
Ru
Sif Muna
Trog
Uskayaw
Vehumet
Wu Jian
Xom
Yredelemnul
Zin
The Shining One
Beogh
Jiyva

Shops:
D:1 [   D:10 ?   D:15 *   Orc:2 [:*(

Portals:
Hell: Depths:1

Annotations:
D:11 2 transporters, exclusion: 2 oklob plants, Gilette's ghost, novice DDFi
Lair:6 exclusions: obsidian statue and 5 oklob plants


Innate Abilities, Weirdness & Mutations

You are very small and have problems with some larger weapons.
You are too small for most types of armour.
You have supernaturally acute eyesight. (SInv)
You cover ground extremely quickly. (Speed+++)


Message History

The spriggan rider hits you from afar with a +3 spear!
The spriggan rider closely misses you.
The bloated husk explodes!
The blast of putrescent gases engulfs you!
* * * LOW HITPOINT WARNING * * *
The blast of putrescent gases engulfs the tyrant leech!!
The blast of putrescent gases engulfs the spriggan druid!!!
The spriggan rider shouts!
There is an escape hatch in the ceiling here.
The spriggan druid splashes around in the water.
The spriggan rider hits you but does no damage.
The teleport trap disappears.
The tyrant leech disappears!
A mysterious force pulls you upwards. The hatch slams shut behind you.
A hydra, a swamp worm and a bog body come into view.
Found a stone staircase leading down.
The spriggan druid mumbles some strange words.
The forest starts to sway and rumble!
The helpless seven-headed hydra fails to defend itself.
You stick the seven-headed hydra like a pincushion!!!!!
Lightning courses through the seven-headed hydra!
You kill the seven-headed hydra!
Okawaru accepts your kill.
The trees move their gnarly branches around.
A root smacks you from below!
* * * LOW HITPOINT WARNING * * *
The swamp worm fires a harpoon shot at you.
The harpoon shot misses you. You block the spriggan druid's attack.
You puncture the spriggan druid!
Lightning courses through the spriggan druid!
With its final breath, the spriggan druid offers up its power to the beasts of the wild!
The swamp worm seems to grow more fierce.
You kill the spriggan druid!
Okawaru accepts your kill.
You hear a splash. x2
The forest abruptly stops moving.
You enter the shallow water.
Moving in this stuff is going to be slow.
The bog body gestures at you while chanting.
The bolt of cold hits you!!
You die...

♣♣ ♣. ♣≈♣♣ ♣ ♣♣.≈♣♣
.♣♣ ♣....♣♣♣.≈♣
♣.≈≈≈.♣...♣♣♣
♣♣♣.≈≈≈.≈.....≈
♣...≈≈.@...≈≈≈.
♣...≈n≈...≈≈§..
♣....≈≈≈..≈≈≈≈.
♣>...)≈...≈≈≈≈.
♣≈≈..≈....≈≈≈≈.
♣...♣♣...w.≈≈≈≈^ . ..
## ♣♣♣♣ ≈..≈≈≈..≈≈.
#. #....
♣♣.≈≈≈≈≈≈≈..##.##...$
....≈≈≈≈≈...........


You could see a bog body and a swamp worm (strong).

Vanquished Creatures
  Saint Roka (Orc:2)
  Frances (D:12)
  Donald (Swamp:1)
  A fenstrider witch (Swamp:2)
  An orc warlord (Orc:1)
  3 ghouls (Swamp:2)
  2 stone giants
  4 entropy weavers (Lair:4)
  A bunyip (Swamp:1)
  6 dire elephants (Lair:6)
  Nessos (D:12)
  An ettin (Depths:1)
  Snorg (D:12)
  2 eleionomae (Swamp:2)
  3 boulder beetles
  13 hydras
  Erolcha (D:12)
  An ogre mage (D:15)
  A vault guard (D:12)
  A catoblepas (D:15)
  Fannar (Lair:2)
  3 alligators (Swamp:2)
  2 death knights
  2 deep troll shamans (D:15)
  4 centaur warriors
  8 two-headed ogres
  2 tengu warriors
  Urug (Orc:2)
  An orc high priest (Orc:2)
  A spriggan berserker (Depths:2)
  A spectral dire elephant (Lair:6)
  Nergalle (Orc:2)
  4 skeletal warriors (D:15)
  An iron troll (D:15)
  3 goliath frogs
  5 fire crabs (Lair:4)
  A spectral anaconda (Lair:6)
  2 deep trolls (D:15)
  2 swamp dragons (Swamp:2)
  A flayed ghost (Depths:1)
  A spriggan druid (Swamp:1)
  A bog body (Swamp:2)
  4 lindwurms (D:8)
  A deep elf pyromancer (D:13)
  Pikel (D:3)
  3 orc knights
  2 orb spiders
  8 necromancers
  3 wolf spiders
  16 ugly things
  An oklob plant (Orc:2)
  7 manticores
  A moth of wrath (Spider:1)
  2 orc sorcerers (Orc:2)
  3 cyclopes
  30 elephants
  14 cane toads
  2 ice statues (IceCv)
  Maurice (D:13)
  9 black mambas
  7 ice devils (IceCv)
  An unseen horror (D:12)
  4 rime drakes
  19 komodo dragons
  A dire elephant skeleton (Lair:6)
  A tengu conjurer (D:14)
  A kobold demonologist (D:12)
  3 freezing wraiths
  2 yaktaurs
  An efreet (D:13)
  A jumping spider (shapeshifter) (D:14)
  8 trolls
  4 polar bears
  3 tyrant leeches
  Grinder (D:3)
  39 blink frogs
  A raiju (Spider:1)
  21 slime creatures
  5 dream sheep (Lair:6)
  2 spectral elephants (Lair:6)
  A tarantella (Lair:2)
  A water elemental (Depths:1)
  3 wyverns
  4 shadows
  2 wraiths (D:14)
  A dire elephant simulacrum (Lair:6)
  Eustachio (D:6)
  41 yaks
  18 humans
  5 basilisks
  2 death yak simulacra (Lair:6)
  4 vampire mosquitoes
  3 spectral cane toads (Lair:6)
  6 swamp worms
  3 wargs
  4 acid dragons
  11 water moccasins
  33 orc warriors
  A black bear (D:7)
  4 elephant zombies (Lair:6)
  7 ogres
  A necrophage (Swamp:2)
  2 sky beasts
  A phantom (D:5)
  A boggart (D:10)
  4 elephant skeletons (Lair:6)
  13 wolves
  8 centaurs
  3 kobold brigands
  14 bullfrogs
  Blork the orc (D:7)
  A gnoll sergeant (D:7)
  A cane toad simulacrum (Lair:6)
  4 scorpions
  42 killer bees
  2 elephant simulacra (Lair:6)
  14 wights
  4 howler monkeys
  An electric eel (Lair:2)
  2 draconian simulacra (IceCv)
  A bullfrog zombie (D:5)
  6 hounds
  4 centaur zombies
  17 orc priests
  4 centaur skeletons
  Terence (D:3)
  A bullfrog skeleton (D:7)
  3 iguanas
  24 orc wizards
  3 polar bear simulacra (Lair:4)
  A troll simulacrum (IceCv)
  A spriggan simulacrum (IceCv)
  A killer bee zombie (D:9)
  2 wolf simulacra (Lair:4)
  4 yak simulacra (Lair:4)
  A centaur simulacrum (IceCv)
  Robin (D:2)
  5 adders
  3 howler monkey skeletons
  4 naga simulacra (IceCv)
  An ogre simulacrum (IceCv)
  A shadow imp (D:6)
  A white imp (D:8)
  An adder skeleton (D:4)
  A worm (D:3)
  2 dart slugs (D:1)
  78 orcs
  7 bats
  3 endoplasms
  4 giant cockroaches
  11 goblins
  5 hobgoblins
  3 jackals (D:1)
  19 kobolds
  2 quokkas
  4 ball pythons
  2 frilled lizards
  4 rats
  2 river rat simulacra (Lair:4)
839 creatures vanquished.

Vanquished Creatures (others)
  A bloated husk (Swamp:2)
  An orc warrior (D:7)
  An ogre (D:6)
  An orc priest (Orc:2)
  64 fungi
  112 plants
  16 toadstools (Lair:6)
  21 withered plants (Lair:6)
217 creatures vanquished.

Grand Total: 1056 creatures vanquished

Notes
Turn   | Place    | Note
-------+----------+-------------------------------------------
     0 | D:1      | Ijustatesigmund the Spriggan Brigand began the quest for
                  | the Orb.
     0 | D:1      | Reached XP level 1. HP: 10/10 MP: 2/2
    34 | D:1      | Found a faded altar of an unknown god.
   379 | D:1      | Reached XP level 2. HP: 15/15 MP: 3/3
   444 | D:1      | Found Masoca's Armour Shop.
   746 | D:1      | Reached XP level 3. HP: 13/18 MP: 4/4
  1555 | D:2      | Noticed Robin
  1565 | D:2      | Killed Robin
  1566 | D:2      | Reached XP level 4. HP: 20/23 MP: 5/5
  2032 | D:3      | Noticed Grinder
  2043 | D:3      | Paralysed by Grinder for 3 turns
  2051 | D:3      | Paralysed by Grinder for 2 turns
  2060 | D:3      | Killed Grinder
  2061 | D:3      | Reached XP level 5. HP: 28/28 MP: 6/6
  2061 | D:3      | Reached XP level 6. HP: 32/32 MP: 7/7
  2391 | D:3      | Noticed Terence
  2393 | D:3      | Killed Terence
  2394 | D:3      | Reached skill level 5 in Dodging
  2605 | D:4      | Noticed Pikel
  2647 | D:3      | Killed Pikel
  2648 | D:3      | Reached skill level 5 in Short Blades
  2648 | D:3      | Reached XP level 7. HP: 37/37 MP: 8/8
  3071 | D:5      | Entered Level 5 of the Dungeon
  3466 | D:5      | Reached XP level 8. HP: 42/42 MP: 9/9
  4123 | D:5      | Found a sparkling altar of Nemelex Xobeh.
  4211 | D:5      | Reached skill level 5 in Fighting
  4772 | D:6      | Found a staircase to the Ecumenical Temple.
  4890 | Temple   | Entered the Ecumenical Temple
  4984 | Temple   | Became a worshipper of Warmaster Okawaru
  5134 | D:6      | Reached skill level 1 in Invocations
  5134 | D:6      | Reached XP level 9. HP: 47/47 MP: 9/11
  5579 | D:6      | Noticed Eustachio
  5584 | D:6      | Killed Eustachio
  5744 | D:6      | Reached * piety under Okawaru
  5914 | D:7      | Noticed a boulder beetle
  5980 | D:7      | Killed a boulder beetle
  5980 | D:7      | Reached ** piety under Okawaru
  5981 | D:7      | Reached skill level 5 in Invocations
  6454 | D:7      | Noticed a tengu warrior
  6568 | D:7      | Killed a tengu warrior
  6568 | D:7      | Reached *** piety under Okawaru
  6569 | D:7      | Reached XP level 10. HP: 34/56 MP: 15/15
  6814 | D:7      | Found the macabre finger necklace {rN+}
  7708 | D:7      | Found the +2 Maxwell's thermic engine {flame, freeze}
  7713 | D:7      | Noticed Blork the orc
  7728 | D:7      | Killed Blork the orc
  8320 | D:8      | Noticed a lindwurm
  8838 | D:8      | Noticed a lindwurm
  8843 | D:8      | Noticed a lindwurm
  8845 | D:8      | Noticed a lindwurm
  8846 | D:8      | Killed a lindwurm
  8846 | D:8      | Reached **** piety under Okawaru
  8853 | D:8      | Killed a lindwurm
  8881 | D:8      | Killed a lindwurm
  9107 | D:8      | Killed a lindwurm
  9205 | D:8      | Reached XP level 11. HP: 34/62 MP: 18/18
  9206 | D:8      | Reached ***** piety under Okawaru
  9912 | D:9      | Identified the +1 robe of the Doldrums {Stlth+}
 10899 | D:10     | Entered Level 10 of the Dungeon
 11500 | D:10     | Identified a scroll of acquirement
 11500 | D:10     | Acquired a scarf of repulsion
 11593 | D:10     | Found Jijymes's Magic Scroll Emporium.
 11596 | D:10     | Bought a scroll of enchant armour for 127 gold pieces
 11596 | D:10     | Bought a scroll of identify for 34 gold pieces
 11596 | D:10     | Bought a scroll of identify for 34 gold pieces
 11596 | D:10     | Bought a scroll of identify for 34 gold pieces
 12231 | D:11     | Noticed a boulder beetle
 12258 | D:11     | Killed a boulder beetle
 12259 | D:11     | Reached skill level 1 in Armour
 12290 | D:11     | Noticed a skeletal warrior
 12336 | D:10     | Reached skill level 5 in Throwing
 12423 | D:11     | Noticed a skeletal warrior
 12614 | D:11     | Received a gift from Okawaru
 12649 | D:11     | Found a transporter.
 12649 | D:11     | Noticed Gilette's ghost (novice DDFi)
 12658 | D:11     | Reached skill level 10 in Invocations
 12722 | D:11     | Found a staircase to the Lair.
 12905 | D:10     | Received a gift from Okawaru
 12964 | D:10     | Reached XP level 12. HP: 60/66 MP: 20/20
 13646 | D:11     | Found a transporter.
 14123 | D:11     | Noticed a two-headed ogre
 14156 | D:11     | Reached skill level 10 in Stealth
 14160 | D:12     | Noticed Frances
 14161 | D:12     | Killed Frances
 14177 | D:12     | Reached skill level 10 in Dodging
 14275 | D:12     | Noticed Nessos
 14300 | D:12     | Killed Nessos
 14339 | D:12     | Reached skill level 10 in Short Blades
 14739 | D:12     | Noticed Erolcha
 14742 | D:12     | Found a staircase to the Orcish Mines.
 14744 | D:12     | Killed Erolcha
 14744 | D:12     | Received a gift from Okawaru
 14856 | D:13     | Noticed a centaur warrior
 14874 | D:13     | Killed a centaur warrior
 14874 | D:13     | Reached ****** piety under Okawaru
 14958 | D:13     | Reached XP level 13. HP: 72/72 MP: 22/22
 14986 | D:13     | Noticed Maurice
 15019 | D:13     | Killed Maurice
 15279 | D:13     | Reached skill level 10 in Fighting
 16244 | D:13     | Found a gate to the Vaults.
 16533 | Lair:1   | Entered Level 1 of the Lair of Beasts
 16791 | Lair:1   | Received a gift from Okawaru
 17140 | Lair:1   | Found a radiant altar of Vehumet.
 17472 | Lair:2   | Reached skill level 1 in Evocations
 17796 | Lair:2   | Found a hole to the Spider Nest.
 17812 | Lair:2   | Reached skill level 5 in Evocations
 17912 | Lair:2   | Identified the +1 pair of gloves of Wovungef {Int+4}
 17962 | Lair:2   | Noticed Fannar
 18000 | Lair:2   | Killed Fannar
 18069 | Lair:2   | Received a gift from Okawaru
 18667 | Lair:3   | Reached XP level 14. HP: 77/77 MP: 23/23
 19475 | Lair:3   | Found a staircase to the Swamp.
 20087 | Lair:4   | Found a frozen archway.
 20111 | IceCv    | Entered an ice cave
 20140 | IceCv    | Received a gift from Okawaru
 21857 | Lair:4   | Found a runed translucent door.
 23265 | Lair:4   | Received a gift from Okawaru
 24745 | Lair:4   | Reached skill level 15 in Stealth
 25641 | Lair:5   | Identified the +6 falchion of Greed {venom, rElec Str+2
                  | Int+2}
 26344 | Lair:5   | Received a gift from Okawaru
 26684 | Lair:5   | Reached XP level 15. HP: 82/83 MP: 24/24
 26823 | Lair:5   | Found a staircase to the Slime Pits.
 26824 | Lair:5   | Found a viscous altar of Jiyva.
 27219 | Lair:6   | Entered Level 6 of the Lair of Beasts
 27447 | Lair:5   | Learned a level 1 spell: Pain
 27532 | Lair:5   | Reached skill level 1 in Necromancy
 28923 | Lair:6   | Found a blossoming altar of Fedhas.
 28937 | Lair:6   | Received a gift from Okawaru
 29558 | Lair:6   | Reached skill level 1 in Shields
 29703 | Lair:6   | Identified the ring of Ycodd {Int+2 Dex+6 Slay+2}
 30401 | Spider:1 | Entered Level 1 of the Spider Nest
 31059 | D:14     | Reached XP level 16. HP: 88/88 MP: 26/26
 31074 | D:14     | Identified the +3 ring mail "Ger Heim" {rCorr}
 31460 | D:15     | Entered Level 15 of the Dungeon
 31510 | D:15     | Received a gift from Okawaru
 31670 | D:15     | Found Ygromuadd's General Store.
 31832 | D:15     | Found a glowing golden altar of the Shining One.
 32061 | D:15     | Found a staircase to the Depths.
 32557 | Depths:1 | Entered Level 1 of the Depths
 32746 | Orc:1    | Entered Level 1 of the Orcish Mines
 32746 | Orc:1    | Noticed Snorg
 32781 | D:12     | Killed Snorg
 33210 | Orc:2    | Entered Level 2 of the Orcish Mines
 33454 | Orc:2    | Found a staircase to the Elven Halls.
 33527 | Orc:2    | Noticed Saint Roka
 34244 | Orc:2    | Noticed Urug
 34294 | Orc:2    | Killed Urug
 34418 | Orc:2    | Noticed Nergalle
 34661 | Orc:1    | Received a gift from Okawaru
 34733 | Orc:2    | Found Ceocez's Antique Armour Boutique.
 34747 | Orc:2    | Found Lagem's Book Boutique.
 34794 | Orc:2    | Found Dohaetyrch's General Store.
 34807 | Orc:2    | Killed Saint Roka
 34828 | Orc:2    | Found Asati's Antique Weapon Boutique.
 34861 | Orc:2    | Killed Nergalle
 34893 | Orc:2    | Bought a book of Maledictions for 400 gold pieces
 34893 | Orc:2    | Bought a potion of heal wounds for 80 gold pieces
 34925 | Orc:2    | Bought a manual of Fighting for 1324 gold pieces
 35694 | Depths:2 | Received a gift from Okawaru
 36039 | Depths:1 | Identified the ring of Lulempuz {rC+ rN+ MP+9 Str-5}
 36080 | Depths:1 | Found a gateway to Hell.
 36315 | Swamp:1  | Entered Level 1 of the Swamp
 36391 | Swamp:1  | Received a gift from Okawaru
 36447 | Swamp:1  | Noticed Donald
 36452 | Swamp:1  | Killed Donald
 36455 | Swamp:1  | You fall into a shaft and drop 1 floor!
 36511 | Swamp:2  | Reached XP level 17. HP: 91/97 MP: 28/28
 36849 | Swamp:2  | Reached skill level 15 in Fighting
 36882 | Swamp:1  | Killed from afar by a bog body

Illustrated notes

Levels and vault maps discovered:
D:1:      psy_arrival_whirlpool, layout_loops_ring,
          ebering_ecumenical_altar_sacrificial, serial_shops, shop
D:2:      layout_basic, columned_hall_lemuel, uniq_robin
D:3:      layout_loops_ring, uniq_grinder, uniq_terence
D:4:      layout_rooms, uniq_pikel
D:5:      layout_gridville, lemuel_crystal_altar, kennysheep_generic_room_7
D:6:      layout_basic, minmay_temple_entry_trees, uniq_eustachio
D:7:      nzn_winding_woodlands_three_and_one
          [nzn_winding_woodlands_5x15_sawtooth, nzn_winding_woodlands_5x15_pool,
          nzn_winding_woodlands_5x15_zeroes,
          nzn_winding_woodlands_center_diamonds], layout_basic, sword_in_stone
D:8:      layout_basic, minmay_lindwurm_lava
D:9:      layout_rooms, minivault_26
D:10:     layout_loops_corners, serial_shops, nicolae_shop_behind_doors,
          minivault_19
D:11:     regret_index_harrowing_hell_hive, layout_irregular_city,
          david_lair_shrubbed, gammafunk_ghost_mausoleum
D:12:     layout_rooms, orc_0_dummy, minmay_starry_boxes, uniq_nessos,
          uniq_erolcha, uniq_frances
D:13:     layout_irregular_city, grunt_vaults_entry_tiered, uniq_maurice
D:14:     layout_rooms
D:15:     grunt_enter_depths_giant_problem, layout_loops_ring, serial_shops,
          nicolae_shop_waterfront, tso_metal_star
Temple:   grunt_wide_crystal_templ
Lair:1:   layout_chaotic_city, basic_altar, worms_lemuel
Lair:2:   layout_cave_pods, nicolae_spider_entry_orb_guardian,
          infiniplex_staircase_pool, grunt_megastairs_4, uniq_fannar
Lair:3:   layout_cave_pods, minmay_swamp_entry_worms, beast_lair_carwin_8,
          grunt_megastairs_2
Lair:4:   gammafunk_mikee_crab_dinner, layout_regular_city,
          portal_ice_cave_entry_pillars_2, st_stairs_3, eino_house_with_fridge
Lair:5:   layout_regular_city, slime_altar_1, lemuel_fruit_tree
Lair:6:   due_jungle_book, layout_loops_ring, tgw_fedhas,
          minmay_lair_oklob_chamber
Swamp:1:  layout_basic_swamp, evilmike_swamp_ruin_rubble_1, uniq_donald
Swamp:2:  layout_falls_marsh, nicolae_swamp_some_circles
Spider:1: layout_spider_delve, nicolae_spider_rock_and_or_roll, uniq_louise,
          uniq_asterion
Orc:1:    layout_caves, uniq_snorg
Orc:2:    grunt_orc_cross, layout_caves, hellmonk_bongcloud_opening,
          mines3_lemuel
Depths:1: layout_roguey, lightli_too_deep, kennysheep_nondescript, led_xom_imps,
          serial_bayou_shore_a, grunt_megastairs_3,
          infiniplex_staircase_pool_lava, minmay_shop_grove
Depths:2: evilmike_negative_zone, layout_gridlike, hell_entry,
          nicolae_abyss_entry_one_way_or_another, fiery_altar_vehumet,
          ebering_ghost_inner_flame, infiniplex_staircase_pool_1,
          grunt_megastairs_1

Skill      XL: |  1  2  3  4  5  6  7  8  9 10 11 12 13 14 15 16 17 |
---------------+----------------------------------------------------+-----
Dodging        | 2 3 4 6 8 9 10 12 13 14 | 14.2
Fighting       | 2 3 4 5 7 9 10 11 12 14 15 | 15.1
Short Blades   | 3 4 5 7 8 10 11 12 13 14 | 14.2
Stealth        | 7 9 11 13 15 | 15.5
Invocations    | 1 6 8 10 11 12 13 | 13.7
Throwing       | 5 |  5.5
Armour         | 2 4 |  4.5
Evocations     | 7 |  7.4
Necromancy     | 3 |  3.6
Shields        | 2 4 |  4.7

Action                   |  1- 3 |  4- 6 |  7- 9 | 10-12 | 13-15 | 16-18 || total
-------------------------+-------+-------+-------+-------+-------+-------++-------
Melee: Dagger            |    97 |    41 |   284 |   880 |  1925 |  1211 ||  4438
       Punch             |       |       |       |     5 |    19 |       ||    24
       Rapier            |       |       |       |    16 |       |       ||    16
       Scimitar          |       |       |       |       |   495 |       ||   495
       Short sword       |       |       |       |       |    43 |       ||    43
Throw: Dart              |     6 |     8 |    63 |    67 |    29 |    47 ||   220
Invok: Heroism           |       |       |     2 |    12 |    25 |     7 ||    46
       Finesse           |       |       |       |       |     7 |     1 ||     8
Evoke: Wand              |       |       |     1 |    13 |    26 |    37 ||    77
  Use: Scroll            |     4 |     4 |     8 |    12 |     9 |     7 ||    44
       Potion            |       |     1 |       |     1 |     4 |     1 ||     7
 Stab: Sleeping          |     8 |     4 |     8 |    22 |    56 |    21 ||   119
       Distracted        |       |       |     1 |     1 |     4 |     2 ||     8
       Invisible         |       |       |       |       |     2 |       ||     2
       Paralysed         |       |       |       |       |     2 |     2 ||     4
       Petrified         |       |       |       |       |       |     2 ||     2
       Petrifying        |       |       |       |       |       |     1 ||     1
Armor: Robe              |    16 |     3 |    11 |    15 |       |       ||    45
       Skin              |       |     5 |       |       |       |       ||     5
       Troll leather arm |       |       |       |    52 |   196 |    54 ||   302
       Fire dragon scale |       |       |       |       |   130 |       ||   130
Dodge: Dodged            |    76 |    18 |   178 |   728 |  1875 |   494 ||  3369
       Repelled          |       |       |       |     5 |     5 |       ||    10
Block: Other             |       |       |       |       |   256 |       ||   256
       Buckler           |       |       |       |       |   200 |   564 ||   764
       Reflection        |       |       |       |       |     1 |     8 ||     9
       Rpst.: Scimitar   |       |       |       |       |   200 |       ||   200

Table legend: (Time is in decaauts)
 A = Elapsed time spent in this place.
 B = Non-inter-level travel time spent in this place.
 C = Inter-level travel time spent in this place.
 D = Time resting spent in this place.
 E = Time spent auto-exploring this place.
 F = Levels seen in this place.
 G = Mean time per level.
                   A        B        C        D        E       F      G
               +--------+--------+--------+--------+--------+-----+--------+
         Total |  26829 |  25763 |   1066 |   7835 |  10695 |  30 |  894.3 |
       Dungeon |  13541 |  12940 |    601 |   3016 |   6423 |  15 |  902.7 |
        Temple |     63 |     57 |      6 |      0 |     33 |   1 |   63.0 |
          Lair |   9937 |   9525 |    412 |   4106 |   3180 |   6 | 1656.2 |
         Swamp |    359 |    359 |      0 |      0 |    106 |   2 |  179.5 |
   Spider Nest |     52 |     52 |      0 |      0 |     14 |   1 |   52.0 |
  Orcish Mines |   1678 |   1655 |     23 |    221 |    750 |   2 |  839.0 |
        Depths |    384 |    362 |     22 |    100 |    131 |   2 |  192.0 |
      Ice Cave |    811 |    811 |      0 |    391 |     55 |   1 |  811.0 |
               +--------+--------+--------+--------+--------+-----+--------+

Top non-repeatable levels by time:
  Lair:4: 3641 daAuts
  Lair:6: 1865 daAuts
  Lair:5: 1707 daAuts
     D:8: 1541 daAuts
     D:7: 1375 daAuts
    D:11: 1268 daAuts
   Orc:2: 1199 daAuts
    D:13: 1119 daAuts
  Lair:3: 1034 daAuts
    D:10: 1010 daAuts
     D:9: 961 daAuts
    D:15: 946 daAuts
  Lair:2: 935 daAuts
     D:5: 935 daAuts
     D:6: 920 daAuts
